 Dungeon Crawl Stone Soup version 0.16-a0-715-g16937c4 (webtiles) character file.

186 RobertPalmer the Sneak (level 5, -5/31 HPs)
             Began as an Octopode Enchanter on Sept 20, 2014.
             Slain by an orc priest
             ... wielding a +0 flail
              (8 damage)
             ... on Level 2 of the Dungeon.
             The game lasted 00:05:25 (3543 turns).

RobertPalmer the Sneak (Octopode Enchanter)         Turns: 3543, Time: 00:05:26

HP  -5/31        AC  1     Str  8      XL: 5   Next: 65%
MP   9/9         EV 18     Int 22      God:
Gold 202         SH  0     Dex 18      Spells:  3 memorised,  2 levels left

rFire  . . .     SeeInvis .     a - +2 dagger
rCold  . . .     Clarity  .     (no shield)
rNeg   . . .     rCorr    .     (helmet restricted)
rPois  .         rRot     .     (no amulet)
rElec  .         Spirit   .     (no ring)
SustAb .         Warding  .     (no ring)
rMut   .         Stasis   .     (no ring)
Gourm  .                        (no ring)
MR     .....                    (no ring)
                                (no ring)
                                (no ring)
                                (no ring)

@: brilliant, agile, not resistant to hostile enchantments, very stealthy
A: almost no armour, amphibious, 8 rings, constrict 8, camouflage 1, gelatinous
body 1
a: no special abilities


You were on level 2 of the Dungeon.
You were not hungry.

You visited 1 branch of the dungeon, and saw 3 of its levels.

You collected 202 gold pieces.


Innate Abilities, Weirdness & Mutations

You cannot wear most types of armour.
You are amphibious.
You can wear up to eight rings at the same time.
You can use your tentacles to constrict many enemies at once.
Your skin changes colour to match your surroundings (Stealth).
Your rubbery body absorbs attacks (AC +1).


   Skills:
 - Level 1.0 Short Blades
 - Level 2.0 Dodging
 + Level 6.5 Stealth
 - Level 2.0 Spellcasting
 - Level 5.0 Hexes


You had 2 spell levels left.
You knew the following spells:

 Your Spells              Type           Power        Failure   Level  Hunger
z - Confuse               Hex            #####...     1%          3    ###....
X - Sure Blade            Hex/Chrm       ####......   1%          2    ##.....
Z - Corona                Hex            #####..      1%          1    #......

Inventory:

Hand weapons
 a - a +2 dagger (weapon)
 b - a +0 blowgun
Missiles
 l - 7 curare-tipped needles
Armour
 g - a +0 buckler
Magical devices
 h - a wand of slowing (11)
Comestibles
 d - 3 bread rations
 f - 3 fruits
 k - 2 meat rations
 n - a slice of pizza
 o - 3 rotting chunks of human flesh {@*1}
Scrolls
 e - a scroll of identify
 j - a scroll of remove curse {unknown}
 m - 3 scrolls of teleportation
Potions
 i - a potion of restore abilities
Books
 c - a book of Maledictions

Dungeon Overview and Level Annotations

Branches:
Dungeon (3/15)

Altars:

##########.##.#.....##.....###.#
>......# #.##.##...#######.###.#
######.###.##.###.## #.....#.#
...........##r# ########.....#[#
######.######.# #............#
#..# #.# #.####.....###
#######.# #.# #.# #.....#
......#.#####.#####.##########
#####[........oo@........#
##............>##.#.####.#
...####.#####.......# #.# ##.#
#.# #######.#.####.# #.# #.#
#..............######## #.# #.#
#.#####.#...#.......... #.# #.#
#.##.##.###.#.#########
##.####.# #.#.#.#.# #.#.## #
....[...# #..###..# #....## #


You could see an orc priest and an orc.


Message History

The orc is heavily wounded.
The goblin barely misses you. The orc hits you with a flail.
You release your grip on the orc.
The orc closely misses you.
There is a stone staircase leading up here.
The orc hits you with a flail!
The orc priest mumbles some strange prayers to Beogh against you.
Pain shoots through your body!
* * * LOW HITPOINT WARNING * * *
You climb upwards.
A rat comes into view.
There is a stone staircase leading down here.
Unknown command.
Unknown command.
Unknown command.
Unknown command.
Unknown command.
Unknown command.
Unknown command.
Evoke which item? (* to show all) (? for menu, Esc to quit)
Okay, then.
Drink which item? (? for menu, Esc to quit)
You feel agile all of a sudden.
It was a potion of agility.
The orc priest mumbles some strange prayers to Beogh against you.
Something smites you!
* * * LOW HITPOINT WARNING * * *
Drink which item? (? for menu, Esc to quit)
You feel clever all of a sudden.
It was a potion of brilliance.
The orc priest hits you with a flail!
You die...

Action                   |  1- 3 |  4- 6 || total
-------------------------+-------+-------++-------
Melee: Dagger            |   110 |    50 ||   160
 Fire: Blowgun           |       |     3 ||     3
 Cast: Corona            |     1 |       ||     1
       Confuse           |       |     5 ||     5
Evoke: Wand              |     2 |       ||     2
  Use: Scroll            |     5 |       ||     5
       Potion            |       |     2 ||     2
 Stab: Sleeping          |     4 |     4 ||     8
       Confused          |       |     2 ||     2
  Eat: Chunk             |     3 |     6 ||     9

Vault maps used:
D:1:      evilmike_arrival_crescent, minmay_statues_item,
          minmay_misc_feat_secret_circle, minmay_distorted
D:2:      first_bread, minmay_misc_feat_tiny, minmay_cupped
D:3:      nemelex_dance_club_becter, uniq_sigmund

Notes
Turn   | Place    | Note
--------------------------------------------------------------
     0 | D:1      | RobertPalmer, the Octopode Enchanter, began the quest for the Orb.
     0 | D:1      | Reached XP level 1. HP: 11/11 MP: 3/3
    22 | D:1      | HP: 1/11 [goblin (4)]
   429 | D:1      | Reached XP level 2. HP: 7/17 MP: 4/4
   946 | D:1      | Reached skill level 4 in Hexes
  1124 | D:1      | Reached XP level 3. HP: 13/21 MP: 6/6
  1574 | D:1      | Learned a level 3 spell: Confuse
  1577 | D:1      | Learned a level 2 spell: Sure Blade
  2018 | D:2      | Reached XP level 4. HP: 23/27 MP: 7/7
  2317 | D:2      | Reached skill level 5 in Hexes
  3149 | D:3      | Noticed Sigmund
  3180 | D:3      | Reached skill level 5 in Stealth
  3212 | D:3      | Killed Sigmund
  3212 | D:3      | Reached skill level 6 in Stealth
  3212 | D:3      | Reached XP level 5. HP: 13/31 MP: 5/9
  3542 | D:2      | HP: 3/31 [orc priest/divine providence (9)]
  3543 | D:2      | Slain by an orc priest

Vanquished Creatures
  Sigmund (D:3)
  4 adders
  A worm (D:2)
  3 giant geckos
  5 orcs
  7 bats
  4 giant cockroaches (D:2)
  7 goblins
  10 hobgoblins
  A jackal (D:1)
  9 kobolds
  A ball python (D:1)
  4 giant newts
  6 rats
63 creatures vanquished.
